 Dungeon Crawl Stone Soup version 0.30.0 (webtiles) character file.

Game seed: 2474262813089555919

45551 alexhoolio the Nimble (level 14, -4/72 HPs)
             Began as a Spriggan Enchanter on May 29, 2023.
             Was the Champion of Okawaru.
             Killed from afar by an oklob plant (22 damage)
             ... with a splash of acid
             ... on level 5 of the Lair of Beasts.
             The game lasted 02:32:14 (21976 turns).

alexhoolio the Nimble (Spriggan Enchanter)         Turns: 21976, Time: 02:32:14

Health: -4/72      AC: 11    Str:  8    XL:     14   Next: 1%
Magic:  5/30       EV: 27    Int: 17    God:    Okawaru [******]
Gold:   716        SH:  0    Dex: 20    Spells: 22/35 levels left

rFire   + . .        O - +3 quick blade (elec)
rCold   . . .        (no shield)
rNeg    . . .        Q - +2 robe of Immorality {+Blink Str+4 SInv}
rPois   +            (helmet restricted)
rElec   .            W - +2 cloak {rF+}
rCorr   .            (gloves unavailable)
SInv    +            (boots unavailable)
Will    ++...        t - amulet of faith
Stlth   +++++        U - ring of poison resistance
HPRegen 0.32/turn    T - +4 ring of protection
MPRegen 0.22/turn

%: faith
@: confusing by touch, very quick
A: very small, no large weapons, unfitting armour, see invisible, speed 3
a: Renounce Religion, Evoke Blink, Heroism, Finesse, Duel


You were on level 5 of the Lair of Beasts.
You worshipped Okawaru.
Okawaru was exalted by your worship.
You visited 2 branches of the dungeon, and saw 16 of its levels.
You also visited: Ossuary and Volcano.

You collected 930 gold pieces.
You spent 214 gold pieces at shops.

Inventory:

Hand Weapons
 f - a +0 sling of flaming
 q - a +4 quick blade of holy wrath
 O - a +3 quick blade of electrocution (weapon)
 X - a +0 rapier of flaming
Missiles
 h - 59 stones (quivered)
 s - 27 poisoned darts
 J - a throwing net
 S - an atropa-tipped dart
Armour
 K - a +1 robe of cold resistance
 N - +0 acid dragon scales
 Q - the +2 robe of Immorality (worn) {+Blink Str+4 SInv}
   (Okawaru gifted it to you on level 2 of the Lair of Beasts)

   Str:       It affects your strength (+4).
   SInv:      It lets you see invisible.
   +Blink:    It lets you blink.
 V - the +2 robe of Indemnity {rN+}
   (Okawaru gifted it to you in a volcano)

   rN:        It protects you from negative energy.
 W - a +2 cloak of fire resistance (worn)
Jewellery
 t - an amulet of faith (around neck)
 x - a ring of resist corrosion
 T - a +4 ring of protection (right hand)
 U - a ring of poison resistance (left hand)
Wands
 l - a wand of iceblast (5)
 n - a wand of acid (5)
 y - a wand of digging (6)
 F - a wand of flame (39)
 I - a wand of mindburst (21)
Scrolls
 b - a scroll of silence {unknown}
 c - a scroll of poison
 d - 3 scrolls of brand weapon
 g - a scroll of torment {unknown}
 j - a scroll of enchant armour {unknown}
 k - 2 scrolls of blinking
 p - a scroll of identify
 v - 4 scrolls of teleportation
 B - 2 scrolls of enchant weapon {unknown}
 D - 3 scrolls of immolation
 E - 2 scrolls of fear
 G - a scroll of acquirement {unknown}
 P - 2 scrolls of magic mapping
 R - a scroll of fog {unknown}
Potions
 a - 7 potions of mutation
 e - 5 potions of haste
 i - 8 potions of curing
 m - 6 potions of resistance
 o - 4 potions of heal wounds
 r - 4 potions of magic
 u - 4 potions of berserk rage
 w - a potion of invisibility
 z - 2 potions of brilliance
 A - 8 potions of might
 C - 4 potions of lignification
 H - 3 potions of attraction
 M - 2 potions of cancellation {unknown}
Miscellaneous
 L - a lightning rod (4/4)


   Skills:
 + Level 7.5 Fighting
 - Level 10.0 Short Blades
 + Level 12.4 Dodging
 - Level 10.0 Stealth
 + Level 11.1 Spellcasting
 + Level 11.6 Hexes
 - Level 2.0 Ice Magic
 - Level 2.0 Earth Magic
 + Level 9.5 Invocations
 - Level 11.1 Evocations


You had 22 spell levels left.
You knew the following spells:

 Your Spells              Type           Power      Damage    Failure   Level
a - Sandblast             Erth           32%        2d9       3%          1
b - Ensorcelled Hibernat  Hex/Ice        64%        N/A       1%          2
c - Confusing Touch       Hex            49%        N/A       1%          3
d - Tukima's Dance        Hex            49%        N/A       1%          3
e - Manifold Assault      Tloc           9%         N/A       58%         4

Your spell library contained the following spells:

 Spells                   Type           Power      Damage    Failure   Level
 Dazzling Flash           Conj/Hex       58%        N/A       1%          3
 Necrotise                Necr           36%        1d5       8%          1
 Passwall                 Tmut/Erth      10%        N/A       8%          2
 Ozocubu's Armour         Ice            16%        N/A       10%         3
 Metabolic Englaciation   Hex/Ice        16%        N/A       13%         5
 Stone Arrow              Conj/Erth      24%        3d8       16%         3
 Vampiric Draining        Necr           9%         2d6       22%         3
 Agony                    Necr           9%         N/A       91%         5
 Dispersal                Tloc           4%         N/A       100%        6
 Eringya's Noxious Bog    Tmut/Pois      4%         N/A       100%        6
 Disjunction              Tloc           4%         N/A       100%        8
 Lehudib's Crystal Spear  Conj/Erth      6%         10d3      100%        8
 Animate Armour           Summ/Erth      Unusable   N/A       N/A         4
 Summon Forest            Summ/Tloc      Unusable   N/A       N/A         5
 Simulacrum               Ice/Necr       Unusable   N/A       N/A         6
 Summon Hydra             Summ           Unusable   N/A       N/A         7

Dungeon Overview and Level Annotations

Branches:
Dungeon (11/15)            Temple (0/1) D:7            Lair (5/5) D:9
  Snake (0/4) Lair:2        Slime (0/5) Lair:5          Orc (0/2) D:10
Ossuary (visited)         Volcano (visited)
  Swamp: Lair:2-3    Shoals: Lair:2-3

Altars:
Cheibriados
Gozag
Nemelex Xobeh
Okawaru
Trog
Uskayaw
Vehumet
Xom

Shops:
D:5 *   D:6 ?   D:9 *

Annotations:
D:5 Grinder
D:10 4 transporters
D:11 Grum, Nergalle
Lair:1 1 runed translucent door
Lair:5 exclusion: 2 oklob plants


Innate Abilities, Weirdness & Mutations

You are very small and have problems with some larger weapons.
You are too small for most types of armour.
You have supernaturally acute eyesight. (SInv)
You cover ground extremely quickly. (Speed+++)


Message History

You hit the blink frog.
Lightning courses through the blink frog!
The blink frog is severely wounded.
You puncture the blink frog!
The blink frog is almost dead.
The blink frog barely misses you.
You hit the blink frog.
The blink frog is almost dead.
You strike the helpless blink frog from behind!
You impale the blink frog!!
You kill the blink frog!
Okawaru accepts your kill.
Casting: Confusing Touch (safe; 1% risk of failure)
Confirm with . or Enter, or press ? or * to list all spells.
Your hands begin to glow red.
The bullfrog hits you but does no damage.
You closely miss the bullfrog.
The bullfrog is almost dead.
The bullfrog closely misses you.
You hit the bullfrog but do no damage.
The bullfrog appears confused.
The bullfrog is almost dead.
You hit the bullfrog. Lightning courses through the bullfrog!
You kill the bullfrog!
Okawaru accepts your kill.
Casting: Confusing Touch (safe; 1% risk of failure)
Confirm with . or Enter, or press ? or * to list all spells.
Your hands begin to glow red.
The skyshark hisses menacingly.
The skyshark bites you!
The skyshark tastes blood and grows stronger!
The skyshark tail-slaps you!
* * * LOW HITPOINT WARNING * * *
The skyshark completely misses you.
Really walk into a travel-excluded area?
The oklob plant spits acid at you. The splash of acid misses you.
There is a stone staircase leading up here.
The oklob plant spits acid at you. The splash of acid hits you!!
You die...

≈§#
###.....F.....~.,,,,,,,,,***
###
#.(...........##..,,,,,,**,
##..P............P,,,,,,,,,
##.#.............**,,,,,,,
###.............,,,,,,,,,
#.............,,,,,,,,,
###...##.#....,,,,,,,,,
#†##........,,,,,,,,,
*#÷.l@.....P.,,**,****
#..##........,,**** *
#######......,** *......**
**##.#.* **#**


You could see a skyshark (strong) and 2 oklob plants.

Vanquished Creatures
  8 hydras
  An ogre mage (Volcano)
  A boulder beetle (Lair:2)
  6 two-headed ogres (Volcano)
  Urug (Lair:5)
  7 death yaks
  A hell knight (Volcano)
  2 skysharks
  A fire crab (Lair:4)
  A lindwurm (Lair:4)
  Pikel (D:5)
  2 elephants (Lair:4)
  7 torpor snails
  7 black mambas
  10 cane toads
  An unseen horror (D:10)
  4 rime drakes
  9 komodo dragons
  A tyrant leech (Lair:5)
  A hornet (D:8)
  16 blink frogs
  A dream sheep (shapeshifter) (D:8)
  2 dream sheep
  Sigmund (D:5)
  7 wyverns
  33 yaks
  A vampire (D:10)
  3 basilisks
  Eustachio (D:6)
  3 vampire mosquitoes (Lair:5)
  2 steam dragons
  3 nagas (Lair:2)
  8 water moccasins
  3 acid dragons
  2 orc warriors
  An ice beast (D:7)
  2 black bears
  2 ogres
  4 wolves
  6 centaurs
  2 lemures
  A phantom (D:5)
  A kobold brigand (D:10)
  15 bullfrogs
  An elf zombie (D:5)
  A scorpion (D:7)
  6 killer bees
  4 howler monkeys
  2 human zombies (Ossuary)
  6 hounds
  3 orc priests
  A gnoll bouda (D:7)
  2 iguanas
  Jessica (D:2)
  A human skeleton (D:5)
  7 hell rats
  11 orc wizards
  2 sleepcaps
  2 mummies (Ossuary)
  5 gnolls
  6 adders
  13 river rats (Lair:2)
  An ufetubus (D:7)
  2 adder zombies (Ossuary)
  2 worms
  A dart slug (D:2)
  27 orcs
  9 endoplasms
  9 giant cockroaches
  11 goblins
  5 hobgoblins
  9 jackals
  11 quokkas
  13 ball pythons
  9 bats
  A frilled lizard (D:1)
  A goblin zombie (Ossuary)
  12 hobgoblin zombies (Ossuary)
  A jackal zombie (Ossuary)
  13 kobolds
  10 kobold zombies (Ossuary)
  3 orc skeletons (D:5)
  9 orc zombies
  13 rats
  A rat zombie (Ossuary)
439 creatures vanquished.

Vanquished Creatures (others)
  33 fungi
  68 plants
  10 toadstools (Lair:1)
111 creatures vanquished.

Grand Total: 550 creatures vanquished

Notes
Turn   | Place    | Note
-------+----------+-------------------------------------------
     0 | D:1      | alexhoolio the Spriggan Enchanter began the quest for the
                  | Orb.
     0 | D:1      | Reached XP level 1. HP: 9/9 MP: 5/5
   142 | D:1      | Learned a level 1 spell: Sandblast
   185 | D:1      | Reached XP level 2. HP: 8/13 MP: 4/6
   188 | D:1      | Learned a level 2 spell: Ensorcelled Hibernation
   233 | D:1      | Reached skill level 3 in Dodging
   526 | D:1      | Reached XP level 3. HP: 16/16 MP: 8/8
   874 | D:1      | Reached skill level 5 in Stealth
  1172 | D:2      | Noticed Jessica
  1771 | D:2      | Reached XP level 4. HP: 21/21 MP: 2/10
  2473 | D:3      | Found a faded altar of an unknown god.
  2812 | D:3      | Reached skill level 4 in Dodging
  2966 | D:4      | Found a sparkling altar of Nemelex Xobeh.
  2988 | D:4      | Noticed an ogre
  3000 | D:4      | Reached XP level 5. HP: 25/25 MP: 9/11
  3018 | D:4      | Killed an ogre
  3019 | D:4      | Reached skill level 1 in Fighting
  3019 | D:4      | Reached skill level 1 in Earth Magic
  4004 | D:5      | Entered Level 5 of the Dungeon
  4012 | D:5      | Reached XP level 6. HP: 30/30 MP: 12/12
  4061 | D:5      | Found a shimmering altar of Xom.
  4062 | D:5      | Noticed Grinder
  4072 | D:5      | Found Gidoen's Overcharged Wands.
  4254 | D:5      | Noticed Sigmund
  4262 | D:5      | Killed Sigmund
  4263 | D:5      | Reached skill level 5 in Dodging
  4263 | D:5      | Reached skill level 5 in Hexes
  4263 | D:5      | Reached XP level 7. HP: 35/35 MP: 10/14
  4691 | D:5      | Found a sand-covered staircase.
  4897 | Ossuary  | Entered an ossuary
  5622 | D:5      | Learned a level 3 spell: Confusing Touch
  5626 | D:5      | Learned a level 3 spell: Tukima's Dance
  5686 | D:5      | Reached skill level 5 in Spellcasting
  6261 | D:2      | Killed Jessica
  6262 | D:2      | Reached XP level 8. HP: 39/39 MP: 13/16
  6432 | D:6      | Noticed Eustachio
  6432 | D:6      | Found a bloodstained altar of Trog.
  6436 | D:6      | Reached skill level 1 in Evocations
  6452 | D:5      | Reached skill level 6 in Dodging
  6488 | D:6      | Killed Eustachio
  6489 | D:6      | Found a radiant altar of Vehumet.
  6544 | D:6      | Found Taet's Magic Scroll Shoppe.
  6590 | D:6      | Bought a scroll of blinking for 82 gold pieces
  6590 | D:6      | Bought 3 scrolls of fear for 132 gold pieces
  6608 | D:6      | Noticed Pikel
  6667 | D:6      | Found an iron altar of Okawaru.
  6685 | D:6      | Became a worshipper of Warmaster Okawaru
  6752 | D:6      | Reached skill level 5 in Short Blades
  7083 | D:7      | Found a snail-covered altar of Cheibriados.
  7764 | D:7      | Reached * piety under Okawaru
  7850 | D:7      | Found a staircase to the Ecumenical Temple.
  8362 | D:7      | Reached XP level 9. HP: 42/42 MP: 13/18
  8439 | D:7      | Reached skill level 1 in Invocations
  8707 | D:8      | Reached skill level 1 in Ice Magic
  9062 | D:8      | Noticed a +0 falchion
  9062 | D:8      | Noticed a +0 dagger
  9062 | D:8      | Noticed a +0 falchion
  9062 | D:8      | Noticed a +0 short sword
  9062 | D:8      | Noticed a +0 spear
  9064 | D:8      | Noticed a +0 spear
  9064 | D:8      | Noticed a +0 short sword
  9067 | D:8      | Noticed a +0 dagger
  9112 | D:8      | Found a hide-covered altar of Uskayaw.
  9331 | D:8      | a golden eye changed into an unseen horror
  9331 | D:8      | Noticed an unseen horror (shapeshifter)
  9337 | D:8      | an unseen horror changed into a guardian serpent
  9337 | D:8      | Noticed a guardian serpent (shapeshifter)
  9414 | D:8      | a guardian serpent changed into a dream sheep
  9418 | D:8      | Reached ** piety under Okawaru
 10458 | D:9      | Found Iheazystryw's Assorted Antiques.
 10698 | D:9      | Found an opulent altar of Gozag.
 11072 | D:9      | Found a staircase to the Lair.
 11254 | D:9      | Reached *** piety under Okawaru
 11387 | D:9      | Reached XP level 10. HP: 29/46 MP: 14/19
 11563 | D:9      | Reached skill level 10 in Short Blades
 11857 | D:6      | Reached **** piety under Okawaru
 11864 | D:5      | Reached skill level 5 in Invocations
 12034 | D:5      | Killed Pikel
 12035 | D:5      | Reached skill level 7 in Dodging
 12182 | Lair:1   | Entered Level 1 of the Lair of Beasts
 12361 | Lair:1   | Reached ***** piety under Okawaru
 12439 | Lair:1   | Noticed a black mamba
 12592 | D:10     | Entered Level 10 of the Dungeon
 12674 | D:10     | Found a transporter.
 12833 | D:10     | Found a transporter.
 13125 | D:10     | Found a transporter.
 13272 | D:10     | Found a staircase to the Orcish Mines.
 13604 | D:10     | Received a gift from Okawaru
 13700 | D:10     | Found a transporter.
 14015 | D:11     | Noticed a cyclops
 14020 | D:11     | Noticed a two-headed ogre
 14118 | D:11     | Noticed Grum
 14130 | D:11     | Noticed Nergalle
 14354 | Lair:1   | Killed a black mamba
 14355 | Lair:1   | Reached XP level 11. HP: 54/54 MP: 16/22
 14478 | Lair:1   | Reached skill level 8 in Dodging
 14653 | Lair:1   | You fall into a shaft and drop 1 floor!
 14965 | Lair:1   | Noticed a skyshark
 14997 | Lair:1   | Killed a skyshark
 14998 | Lair:1   | Reached skill level 10 in Stealth
 15040 | Lair:1   | Reached skill level 5 in Fighting
 15363 | Lair:1   | Noticed a lindwurm
 15363 | Lair:1   | Noticed a catoblepas
 15383 | Lair:1   | Found a runed translucent door.
 15895 | Lair:2   | Found a staircase to the Snake Pit.
 15908 | Lair:2   | Identified the +2 robe of Immorality {+Blink Str+4 SInv}
                  | (Okawaru gifted it to you on level 2 of the Lair of Beasts)
 15908 | Lair:2   | Received a gift from Okawaru
 15952 | Lair:2   | Noticed an eight-headed hydra
 16266 | Lair:2   | Reached skill level 9 in Dodging
 16449 | Lair:2   | Noticed a death yak
 16790 | Lair:2   | Reached ****** piety under Okawaru
 17458 | Lair:2   | Noticed a boulder beetle
 17480 | Lair:2   | Killed a boulder beetle
 17603 | Lair:2   | Noticed an eight-headed hydra
 17613 | Lair:2   | Killed an eight-headed hydra
 17969 | Lair:3   | Reached XP level 12. HP: 60/60 MP: 21/25
 18050 | Lair:3   | Noticed a six-headed hydra
 18063 | Lair:3   | Killed a six-headed hydra
 18081 | Lair:3   | Reached skill level 10 in Dodging
 18185 | Lair:3   | Received a gift from Okawaru
 18192 | Lair:3   | Reached skill level 5 in Evocations
 18306 | Lair:3   | Noticed a death yak
 18306 | Lair:3   | Noticed a death yak
 18309 | Lair:3   | Noticed a death yak
 18310 | Lair:3   | Noticed a death yak
 18312 | Lair:3   | Noticed a death yak
 18313 | Lair:3   | Noticed a death yak
 18323 | Lair:3   | Killed a death yak
 18329 | Lair:3   | Killed a death yak
 18338 | Lair:3   | Killed a death yak
 18350 | Lair:3   | Killed a death yak
 18354 | Lair:3   | Killed a death yak
 18366 | Lair:3   | Killed a death yak
 18370 | Lair:3   | Reached skill level 10 in Hexes
 18558 | Lair:3   | Received a gift from Okawaru
 18611 | Lair:3   | Noticed a death yak
 18612 | Lair:3   | Noticed a death yak
 18612 | Lair:3   | Noticed a death yak
 18615 | Lair:3   | Noticed a death yak
 18927 | Lair:3   | Noticed a death yak
 19238 | Lair:4   | Killed an eight-headed hydra
 19353 | Lair:4   | Noticed a four-headed hydra
 19368 | Lair:4   | Reached skill level 11 in Dodging
 19384 | Lair:4   | Killed a four-headed hydra
 19467 | Lair:4   | Reached XP level 13. HP: 32/66 MP: 6/27
 19607 | Lair:4   | Reached skill level 10 in Spellcasting
 19783 | Lair:4   | Received a gift from Okawaru
 20014 | Lair:4   | Received a gift from Okawaru
 20461 | Lair:4   | Identified the +4 short sword "Tuygibrearr" {distort,
                  | Int+6} (Okawaru gifted it to you on level 4 of the Lair of
                  | Beasts)
 20461 | Lair:4   | Received a gift from Okawaru
 21003 | Lair:4   | Reached skill level 10 in Evocations
 21120 | Lair:5   | Entered Level 5 of the Lair of Beasts
 21122 | Lair:5   | Noticed Urug
 21264 | Lair:5   | Killed Urug
 21326 | Lair:5   | Found a dark tunnel.
 21352 | Lair:5   | Reached skill level 12 in Dodging
 21362 | Volcano  | Entered a volcano
 21512 | Volcano  | Found a bloodstained altar of Trog.
 21519 | Volcano  | Identified the +2 robe of Indemnity {rN+} (Okawaru gifted
                  | it to you in a volcano)
 21519 | Volcano  | Received a gift from Okawaru
 21600 | Volcano  | HP: 2/67 [two-headed ogre/+0 giant club of flaming (5)]
 21876 | Lair:5   | Learned a level 4 spell: Manifold Assault
 21935 | Lair:5   | Reached XP level 14. HP: 43/72 MP: 13/30
 21976 | Lair:5   | Killed from afar by an oklob plant

Illustrated notes

Levels and vault maps discovered:
D:1:      eino_arrival_cavern_d, layout_basic, minmay_tetromino_o2
D:2:      layout_loops_corners, chequers_serial_rivers_micro_b, uniq_jessica
D:3:      layout_basic, nicolae_ecumenical_snake_handling
D:4:      layout_cave_pods, nemelex_diamond_rough_becter
D:5:      layout_loops_ring, nicolae_overflow_hidden_temple,
          nicolae_ossuary_entry_catacombs, nicolae_shop_overcharged_wands,
          uniq_sigmund, uniq_grinder
D:6:      layout_cave_pools, vehumet_altar_wand_db, lemuel_crystal_altar,
          trog_ov_bears_minmay, serial_shops, nicolae_square_shop, st_stairs_7,
          uniq_eustachio, uniq_pikel
D:7:      layout_loops_corners, cheibriados_altar_1,
          minmay_temple_entry_purple_smoke, chequers_avenue, chequers_jeans
D:8:      layout_basic, nicolae_uskayaw_en_pointe, st_stairs_6,
          kennysheep_cross_room, chequers_serial_rivers_micro_a, wad_dig_loot
D:9:      layout_irregular_city, mainiacjoe_overflow_boulevard,
          lair_entry_dummy, serial_shops, nicolae_shop_overgrown_old_shop
D:10:     layout_gridville, orc_0_dummy, nicolae_diode_intersection
D:11:     layout_cave_pools, nicolae_trove_entry_crystal,
          hangedman_abyss_or_decor_clamps, uniq_grum, uniq_nergalle
Lair:1:   gammafunk_lair_enchanted_lake, layout_chaotic_city, grunt_megastairs_4
Lair:2:   lemuel_ratsnest, layout_concentric_octagons,
          nicolae_snake_entry_squirm, serial_rivers,
          chequers_serial_rivers_micro_d, chequers_serial_rivers_small_3,
          chequers_serial_rivers_room_b, chequers_serial_rivers_micro_a,
          chequers_serial_rivers_small_a, minmay_holes, st_stairs_12,
          nzn_sisyphean_effort
Lair:3:   layout_concentric_octagons, palyth_hydra_swamp_entry,
          minmay_lindwurm_lava
Lair:4:   nzn_winding_woodlands_huge [nzn_winding_woodlands_5x15_parted,
          nzn_winding_woodlands_5x15_river_crossing,
          nzn_winding_woodlands_5x15_longhouse,
          nzn_winding_woodlands_5x15_pockets,
          nzn_winding_woodlands_5x15_crooked, nzn_winding_woodlands_5x15_twine,
          nzn_winding_woodlands_5x15_split_checker,
          nzn_winding_woodlands_5x15_pathside_ponds,
          nzn_winding_woodlands_5x15_concentric,
          nzn_winding_woodlands_5x15_default,
          nzn_winding_woodlands_center_lodge,
          nzn_winding_woodlands_center_diamonds,
          nzn_winding_woodlands_15x15_boxy_spiral], layout_small_grid,
          st_stairs_7, chequers_serial_rivers_micro_a
Lair:5:   minmay_lair_end_frog_pond, layout_cave_shapes,
          nicolae_slime_entry_slimehenge, lightli_volcano_entry_magma_tube,
          minivault_11, minivault_27, dpeg_stationary_puzzle, uniq_urug

Skill      XL: |  1  2  3  4  5  6  7  8  9 10 11 12 13 |
---------------+----------------------------------------+-----
Dodging        | 3 4 5 6 7 9 11 12 | 12.4
Spellcasting   | 3 4 5 7 8 9 11 | 11.1
Hexes          | 4 5 6 7 9 10 11 | 11.6
Stealth        | 5 6 7 8 9 10 | 10.0
Short Blades   | 2 3 4 6 9 10 | 10.0
Fighting       | 1 2 4 5 6 7 |  7.5
Earth Magic    | 1 2 |  2.0
Evocations     | 2 3 8 11 | 11.1
Invocations    | 4 5 7 8 9 |  9.5
Ice Magic      | 2 |  2.0

Action                     |  1- 3 |  4- 6 |  7- 9 | 10-12 | 13-15 || total
---------------------------+-------+-------+-------+-------+-------++-------
  Melee: Dagger            |   107 |   105 |   499 |   161 |       ||   872
         Punch             |     2 |       |    18 |    18 |     9 ||    47
         Quick blade       |       |       |       |   497 |   334 ||   831
   Fire: Sling             |       |       |     1 |       |       ||     1
   Cast: Sandblast         |    50 |    24 |   121 |     9 |     4 ||   208
         Ensorcelled Hiber |     4 |    19 |    42 |    93 |    28 ||   186
         Confusing Touch   |       |       |    40 |    71 |    49 ||   160
 Invoke: Finesse           |       |       |       |     1 |     2 ||     3
         Heroism           |       |       |       |     1 |     1 ||     2
    Use: Scroll            |       |     8 |       |    10 |     3 ||    21
         Potion            |       |     1 |       |     2 |     1 ||     4
   Stab: Sleeping          |     8 |    23 |    34 |    47 |    25 ||   137
         Invisible         |       |     1 |       |    18 |       ||    19
         Confused          |       |       |    31 |    63 |    42 ||   136
         Distracted        |       |       |     1 |     2 |       ||     3
 Armour: Robe              |     5 |    12 |    48 |    16 |     8 ||    89
         Acid dragon scale |       |       |       |     9 |       ||     9
  Dodge: Dodged            |    91 |    73 |   322 |   239 |   163 ||   888
